 Dungeon Crawl Stone Soup version bcrawl-1.32 (webtiles) character file.

Game seed: 189286483624303842

247999 Morbidden the Skirmisher (level 10, 0/86 HPs)
             Began as a Demigod Archaeologist on June 22, 2021.
             Succumbed to an orc's poison
             ... on level 9 of the Dungeon.
             The game lasted 00:22:35 (11122 turns).

Morbidden the Skirmisher (Demigod Archaeologist)   Turns: 11122, Time: 00:22:36

Health: 0/86       AC: 14    Str: 24    XL:     10   Next: 45%
Magic:  7/18       EV: 13    Int: 22    God:    Demigod [*****.]
Gold:   394        SH:  8    Dex: 17    Spells: 13/15 levels left

rFire    . . .     SeeInvis .   a - +1 dagger (venom)
rCold    + . .     Gourm    .   N - +2 buckler
rNeg     . . .     Faith    .   O - +0 troll leather armour
rPois    .         Spirit   +   d - +1 hat
rElec    .         Reflect  .   Q - +0 cloak
rCorr    .         Harm     .   I - +0 pair of gloves
MR       +....                  r - +1 pair of boots
Stlth    ++++......             M - amulet "Yxzasuc" {Spirit rC+ Int+2}
HPRegen  0.64/turn              L - ring of Yendor {+Blink Str+5 Dex+2 Stlth++}
MPRegen  0.16/turn              B - +3 ring of protection

@: lethally poisoned (0 -> -4), heavily drained
A: thin metallic scales 1, blurry vision 1, high mp 1
a: Temporal Distortion, Growth, Major Destruction, Heroism, Divine Shield, Evoke
Blink


You were on level 9 of the Dungeon.
You worshipped Demigod.
Demigod was extremely pleased with you.
You were not hungry.

You visited 1 branch of the dungeon, and saw 9 of its levels.

You collected 1640 gold pieces.
You spent 1246 gold pieces at shops.

Inventory:

Hand Weapons
 a - a +1 dagger of venom (weapon)
 b - a +0 blowgun
Missiles
 f - 10 curare-tipped needles
 j - 87 poisoned needles
 D - 208 poisoned tomahawks (quivered)
 U - a throwing net {=f}
 V - 61 needles of frenzy {=f}
Armour
 d - a +1 hat (worn)
 r - a +1 pair of boots (worn)
 x - a +0 large shield
 y - a +1 chain mail of poison resistance
 I - a +0 pair of gloves (worn)
 N - a +2 buckler (worn)
 O - a +0 troll leather armour (worn)
 Q - a +0 cloak (worn)
Jewellery
 m - an uncursed ring of wizardry
 B - a +3 ring of protection (right hand)
 L - the ring of Yendor (left hand) {+Blink Str+5 Dex+2 Stlth++}
   (You bought it in a shop on level 5 of the Dungeon)

   [ring of stealth]

   It affects your strength (+5).
   It affects your dexterity (+2).
   It lets you blink.
   It makes you much more stealthy.
 M - the amulet "Yxzasuc" (around neck) {Spirit rC+ Int+2}
   (You bought it in a shop on level 5 of the Dungeon)

   [amulet of guardian spirit]

   It causes incoming damage to be split between your health and magic.
   It affects your intelligence (+2).
   It protects you from cold.
Wands
 w - a wand of digging (10)
 A - a wand of random effects (12)
 R - a wand of flame (12)
Scrolls
 g - 2 scrolls of magic mapping
 h - 6 scrolls of remove curse
 i - 3 scrolls of identify
 k - 3 scrolls of amnesia
 l - a scroll of fear {unknown}
 n - 7 scrolls of teleportation
 s - 2 scrolls of blinking {unknown}
 t - 2 scrolls of fog {unknown}
 G - 5 scrolls of immolation {unknown}
 K - a scroll of torment {unknown}
 P - a scroll of summoning {unknown}
 S - a scroll of enchant weapon {unknown}
 T - 2 scrolls of noise {unknown}
Potions
 c - a potion of agility
 o - a potion of haste
 p - a potion of degeneration
 q - a potion of brilliance {unknown}
 u - a potion of curing
 v - a potion of magic
 z - 2 potions of berserk rage {unknown}
 C - a potion of mutation
 E - a potion of ambrosia {unknown}
 F - a potion of heal wounds {unknown}
 H - 3 potions of flight {unknown}
Comestibles
 e - 3 rations {!d}
 J - 17 chunks of flesh


   Skills:
 * Level 7.4(5.4) Fighting
 * Level 5.5(3.6) Short Blades
   Level 0.9(0.0) Maces & Flails
 + Level 1.0(0.0) Throwing
 + Level 2.6(0.9) Armour
 * Level 5.9(4.0) Dodging
 + Level 4.0(2.2) Stealth
 * Level 4.6(2.8) Shields
 * Level 3.1(1.3) Spellcasting
 * Level 2.1(0.4) Air Magic
 * Level 2.6(0.8) Poison Magic
 * Level 6.2(4.2) Invocations
 + Level 1.3(0.0) Evocations


You had 13 spell levels left.
You knew the following spells:

 Your Spells              Type           Power        Failure   Level  Hunger
a - Poisonous Vapours     Pois/Air       #.....       38%         2    ###....

Your spell library contained the following spells:

 Spells                   Type           Power        Failure   Level  Hunger
 Sting                    Conj/Pois      #...         30%         1    None
 Corona                   Hex            #......      34%         1    None
 Shackle                  Hex            #.......     47%         2    ###....
 Ignite Poison            Fire/Tmut/Pois #.......     67%         3    #####..
 False Image              Hex/Summ       #.......     71%         3    #####..
 Inner Flame              Hex/Fire       N/A          71%         3    #####..
 Olgreb's Toxic Radiance  Pois           #........    94%         4    ######.
 Summon Scorpions         Summ/Pois      #.......     96%         4    ######.
 Cause Fear               Hex            #.........   98%         4    ######.
 Yara's Violent Unravell  Hex/Tmut       #.........   98%         4    ######.
 Venom Bolt               Conj/Pois      #.........   100%        5    #######


Dungeon Overview and Level Annotations

Branches:
Dungeon (9/12)             Temple (0/1) D:5             Orc (0/1) D:9
   Lair: D:7-9

Shops:
D:5 =


Innate Abilities, Weirdness & Mutations

You have an increased reservoir of magic. (+10% MP)
You are partially covered in thin metallic scales. (AC +2)
Scrolls take you a little longer to read.


Message History

The wight hits you with a +7 halberd.
* * * LOW HITPOINT WARNING * * *
You feel drained. You block the orc's attack.
You barely miss the orc.
The orc is severely wounded.
* * * LOW HITPOINT WARNING * * *
You feel sick.
You kill the orc!
Your kill strengthens your divinity.
The wight barely misses you.
* * * LOW HITPOINT WARNING * * *
You feel sick. The orc misses you.
Items here: ( )))))) [[ †††
* * * LOW HITPOINT WARNING * * *
You feel sick. The wight hits you but does no damage.
There is an open door here.
* * * LOW HITPOINT WARNING * * *
You feel sick.
You die...
Your divinity fades.

.. #. # #'### #####
#.#...# #)..# #...8.#
#÷8.# ##### #.z)##
##)).# ....#
####o###'#### ###.#
##...## #.# #.@.# #.#
#...## ###.#
####+###'#### ....#
###...# ##..)### .####
#...8.# #.8['.# .#
#.#.).# #..)#.### .#
#.##.#### #####...# .#
######.##..#.###.#####.#
.# #...))))).........#
#.#


You could see a wight and an orc.

Vanquished Creatures
  A two-headed ogre (D:8)
  Maurice (D:8)
  3 hippogriffs
  Sigmund (D:4)
  2 hungry ghosts
  An acid dragon (D:8)
  Duvessa (D:7)
  3 orc warriors
  An eye of draining (D:7)
  2 sky beasts
  2 phantoms
  4 centaurs
  3 ogres
  A big kobold (D:6)
  A bullfrog (D:9)
  Blork the orc (D:6)
  Dowan (D:7)
  A wyvern skeleton (D:7)
  A scorpion (D:8)
  2 wights (D:9)
  9 killer bees
  An electric eel (D:7)
  4 howler monkeys
  A centaur zombie (D:7)
  3 crimson imps
  4 jellies
  A bullfrog zombie (D:6)
  A bullfrog skeleton (D:4)
  2 hounds
  5 orc priests (D:9)
  4 orc wizards (D:9)
  2 iguanas
  Jessica (D:3)
  Natasha (thrice) (D:3)
  3 worker ants
  A hound zombie (D:7)
  A hound skeleton (D:4)
  2 worker ant zombies
  A gnoll (D:5)
  A howler monkey skeleton (D:9)
  14 adders
  5 shadow imps
  An ooze (D:7)
  6 worms
  3 dart slugs
  4 leopard geckos
  51 orcs
  2 ball pythons (D:1)
  4 giant cockroaches
  3 goblins
  8 hobgoblins
  12 jackals
  7 kobolds
  3 quokkas
  5 bats
  A frilled lizard (D:1)
  A jackal skeleton (D:4)
  4 rats
217 creatures vanquished.

Vanquished Creatures (others)
  21 plants (D:9)
21 creatures vanquished.

Grand Total: 238 creatures vanquished

Notes
Turn   | Place    | Note
-------+----------+-------------------------------------------
     0 | D:1      | Morbidden the Demigod Archaeologist began the quest for the
                  | Orb.
     0 | D:1      | Reached XP level 1. HP: 15/15 MP: 3/3
   168 | D:1      | Reached XP level 2. HP: 21/22 MP: 4/4
   377 | D:1      | Reached skill level 1 in Fighting
   984 | D:2      | Reached skill level 1 in Invocations
   984 | D:2      | Reached XP level 3. HP: 28/28 MP: 4/6
  1112 | D:2      | Reached * piety under Demigod
  1653 | D:3      | Noticed Jessica
  1661 | D:3      | Killed Jessica
  1662 | D:3      | Reached skill level 2 in Fighting
  1662 | D:3      | Reached XP level 4. HP: 36/36 MP: 7/7
  1687 | D:3      | Found a faded altar of an unknown god.
  1807 | D:3      | Found a sacrificial altar of Ru.
  1923 | D:3      | Noticed Natasha
  2109 | D:3      | Killed Natasha
  2110 | D:3      | Reached skill level 3 in Fighting
  2110 | D:3      | Reached XP level 5. HP: 45/45 MP: 8/8
  2110 | D:3      | Identified a scroll of acquirement
  2126 | D:3      | Identified the +0 ring mail of Gravity {+Blink rPois rC+
                  | Str+5} (You acquired it on level 3 of the Dungeon)
  2126 | D:3      | Identified the ring of Asmonitza {+Inv rC+ MR+} (You
                  | acquired it on level 3 of the Dungeon)
  2555 | D:3      | Noticed Natasha
  2576 | D:3      | Killed Natasha
  2577 | D:3      | Reached skill level 1 in Short Blades
  2776 | D:3      | Noticed Natasha
  2998 | D:3      | Killed Natasha
  3497 | D:4      | Reached XP level 6. HP: 49/52 MP: 10/10
  3616 | D:4      | Reached ** piety under Demigod
  3645 | D:4      | Noticed Sigmund
  3662 | D:4      | Killed Sigmund
  3663 | D:4      | Reached skill level 4 in Fighting
  3663 | D:4      | Reached skill level 1 in Shields
  3755 | D:4      | Noticed an orc warrior
  3771 | D:4      | Killed an orc warrior
  3772 | D:4      | Reached XP level 7. HP: 60/60 MP: 12/12
  4416 | D:5      | Entered Level 5 of the Dungeon
  4555 | D:5      | Reached skill level 5 in Fighting
  4555 | D:5      | Reached skill level 1 in Armour
  4638 | D:5      | Found a hide-covered altar of Uskayaw.
  4876 | D:5      | Found Ilacidod's Jewellery Shoppe.
  4984 | D:5      | Bought the ring of Yendor {+Blink Str+5 Dex+2 Stlth++} for
                  | 594 gold pieces
  4986 | D:5      | Bought the amulet "Yxzasuc" {Spirit rC+ Int+2} for 652 gold
                  | pieces
  5146 | D:5      | Got a transparent marble ring
  5147 | D:5      | Identified the ring "Lushy" {Ice Str+2} (You found it on
                  | level 5 of the Dungeon)
  5273 | D:5      | Found a staircase to the Ecumenical Temple.
  5621 | D:6      | Reached XP level 8. HP: 48/68 MP: 9/13
  5698 | D:6      | Noticed Blork the orc
  6056 | D:6      | Killed Blork the orc
  6335 | D:6      | Reached skill level 1 in Spellcasting
  6496 | D:6      | Reached skill level 1 in Evocations
  7658 | D:7      | Reached skill level 5 in Dodging
  7722 | D:7      | Reached XP level 9. HP: 69/75 MP: 12/15
  7737 | D:7      | Reached skill level 5 in Invocations
  7746 | D:7      | Noticed Duvessa
  7753 | D:7      | Noticed Dowan
  7789 | D:7      | Reached *** piety under Demigod
  7897 | D:7      | Killed Duvessa
  7912 | D:7      | Killed Dowan
  7971 | D:7      | Reached skill level 6 in Fighting
  8329 | D:7      | Found an ancient bone altar of Kikubaaqudgha.
  8329 | D:7      | Found an ornate altar of the Wu Jian Council.
  8511 | D:7      | Learned a level 2 spell: Poisonous Vapours
  8787 | D:8      | Noticed Maurice
  8808 | D:8      | Killed Maurice
  8907 | D:8      | Gained mutation: Scrolls take you a little longer to read.
                  | [potion of mutation]
  8907 | D:8      | Gained mutation: You are partially covered in thin metallic
                  | scales. (AC +2) [potion of mutation]
  8907 | D:8      | HP: 3/75 [acid dragon (6)]
  9058 | D:8      | Noticed a two-headed ogre
  9074 | D:8      | Reached skill level 5 in Short Blades
  9074 | D:8      | Reached skill level 1 in Poison Magic
  9139 | D:8      | Killed a two-headed ogre
  9140 | D:8      | Reached skill level 1 in Air Magic
  9150 | D:8      | Reached skill level 1 in Throwing
  9150 | D:8      | Reached XP level 10. HP: 24/84 MP: 6/17
  9796 | D:8      | Found a shattered altar of Ashenzari.
  9949 | D:9      | Reached skill level 7 in Fighting
  9959 | D:9      | Reached **** piety under Demigod
 10747 | D:9      | Found a shimmering altar of Xom.
 10747 | D:9      | Found a radiant altar of Vehumet.
 10961 | D:9      | Found a staircase to the Orcish Mines.
 11105 | D:9      | Reached ***** piety under Demigod
 11118 | D:9      | HP: 4/86 [poisoned by an orc]
 11122 | D:9      | Succumbed to an orc's poison

Skill      XL: |  1  2  3  4  5  6  7  8  9 10 |
---------------+-------------------------------+-----
Dodging        | 3 4 5 |  5.9
Fighting       | 1 2 3 4 5 6 7 |  7.4
Invocations    | 1 2 3 4 5 6 |  6.2
Short Blades   | 1 3 4 5 |  5.5
Shields        | 1 2 3 4 |  4.6
Armour         | 1 2 |  2.6
Spellcasting   | 1 2 3 |  3.1
Evocations     | 1 |  1.3
Poison Magic   | 1 2 |  2.6
Air Magic      | 1 2 |  2.1
Throwing       | 1 |  1.0
Stealth        | 4 |  4.0
Maces & Flails | |  0.9

Action                   |  1- 3 |  4- 6 |  7- 9 | 10-12 || total
-------------------------+-------+-------+-------+-------++-------
Melee: Whip              |    45 |       |       |       ||    45
       Dagger            |    27 |   125 |  1040 |   475 ||  1667
 Fire: Blowgun           |    70 |   106 |    78 |   145 ||   399
Throw: Tomahawk          |       |       |    24 |       ||    24
 Cast: Poisonous Vapours |       |       |     3 |       ||     3
Evoke: Wand              |       |       |    17 |     1 ||    18
  Use: Scroll            |     4 |     4 |     5 |       ||    13
       Potion            |       |       |     5 |       ||     5
 Stab: Sleeping          |     2 |     2 |     6 |     5 ||    15
       Distracted        |       |       |     1 |       ||     1
  Eat: Chunk             |     6 |    13 |    31 |    17 ||    67
       Ration            |       |       |     6 |     4 ||    10
Armor: Robe              |    40 |    24 |       |       ||    64
       Chain mail        |       |    70 |   177 |       ||   247
       Troll leather arm |       |       |   189 |   143 ||   332
Dodge: Dodged            |    74 |   102 |   486 |   250 ||   912
Block: Buckler           |     7 |    40 |   282 |   213 ||   542
